 Dungeon Crawl Stone Soup version 0.31.0-32-g396128a36d (webtiles) character file.

Game seed: 9809941937445502475

88210 RatsInWalls the Fighter (level 15, -7/122 HPs)
             Began as a Demonspawn Monk on Feb 3, 2024.
             Was a High Priest of Vehumet.
             Mangled by a seven-headed hydra (8 damage)
             ... on level 3 of the Lair of Beasts on Mar 9, 2024.
             The game lasted 02:12:09 (33317 turns).

RatsInWalls the Fighter (Demonspawn Monk)          Turns: 33317, Time: 02:12:09

Health: -7/122     AC: 21    Str: 16    XL:     15   Next: 45%
Magic:  0/30       EV: 23    Int: 13    God:    Vehumet [*****.]
Gold:   1374       SH: 14    Dex: 22    Spells: 11/36 levels left

rFire   + + +        Q - +6 rapier "Katzenn" {venom, ^Drain rF+++ rCorr Dex+6}
rCold   . . .        E - +2 kite shield {AC+3}
rNeg    . . .        F - +0 steam dragon scales
rPois   +            M - +2 helmet
rElec   .            (no cloak)
rCorr   +            m - +0 pair of gloves
SInv    .            J - +2 pair of boots {Fly}
Will    +....        k - amulet of guardian spirit
Stlth   +++          i - ring of poison resistance
HPRegen 0.40/turn    X - ring of wizardry
MPRegen 0.22/turn

%: guardian spirit, wizardry (x1)
@: mighty, agile, flying
A: molten scales 3, foul stench 1, powered by pain 2, weakness stinger 1
a: Renounce Religion


You were on level 3 of the Lair of Beasts.
You worshipped Vehumet.
Vehumet was extremely pleased with you.
You visited 3 branches of the dungeon, and saw 21 of its levels.

You collected 1750 gold pieces.
You spent 376 gold pieces at shops.

Inventory:

Hand Weapons
 C - the +2 rapier of Springtime {flame, rN+ SInv}
   (You found it on level 5 of the Dungeon)

   rN+:       It protects you from negative energy.
   SInv:      It lets you see invisible.
 Q - the +6 rapier "Katzenn" (weapon) {venom, ^Drain rF+++ rCorr Dex+6}
   (You found it on level 2 of the Lair of Beasts)

   Dex+6:     It affects your dexterity (+6).
   rF+++:     It renders you almost immune to fire.
   rCorr:     It protects you from acid and corrosion.
   ^Drain:    It drains your maximum health when unequipped.
Missiles
 n - 34 poisoned darts (quivered)
 r - 2 throwing nets
Armour
 m - a +0 pair of gloves (worn)
 E - a +2 kite shield of protection (worn)
 F - +0 steam dragon scales (worn)
 J - a +2 pair of boots of flying (worn)
 M - a +2 helmet (worn)
Jewellery
 i - a ring of poison resistance (left hand)
 k - an amulet of guardian spirit (around neck)
 u - a ring of see invisible
 W - a ring of resist corrosion
 X - a ring of wizardry (right hand)
Wands
 o - a wand of polymorph (18)
 t - a wand of digging (3)
 y - a wand of iceblast (5)
 D - a wand of flame (5)
 H - a wand of paralysis (25)
 O - a wand of mindburst (12)
Scrolls
 b - 2 scrolls of teleportation
 d - 2 scrolls of immolation
 e - 4 scrolls of identify
 g - a scroll of fear
 q - a scroll of fog
 x - 3 scrolls of amnesia
 z - a scroll of brand weapon
 G - 5 scrolls of revelation
 I - a scroll of enchant armour
 N - 2 scrolls of vulnerability
 T - 2 scrolls of silence
 U - a scroll of enchant weapon {unknown}
 Y - a scroll of poison
 Z - 2 scrolls of blinking
Potions
 a - 3 potions of mutation
 h - a potion of invisibility {unknown}
 p - 7 potions of lignification
 s - 2 potions of resistance
 v - 4 potions of might
 w - a potion of attraction {unknown}
 A - 2 potions of ambrosia
 L - 2 potions of magic
 P - a potion of curing
 R - a potion of enlightenment
Miscellaneous
 B - a phantom mirror
 S - a phial of floods


   Skills:
 + Level 12.8 Fighting
 - Level 8.4 Long Blades
 - Level 0.2 Throwing
 - Level 6.0 Armour
 - Level 10.1 Dodging
 - Level 5.3 Stealth
 + Level 6.9 Shields
 + Level 11.3 Spellcasting
 + Level 10.2 Conjurations
 - Level 1.2 Summonings
 + Level 8.7 Fire Magic


You had 11 spell levels left.
You knew the following spells:

 Your Spells              Type           Power      Damage    Failure   Level
a - Hailstorm             Conj/Ice       20%        3d7       1%          3
b - Call Imp              Summ           20%        N/A       9%          2
c - Sticky Flame          Fire/Alch      18%        2d6       4%          4
d - Starburst             Conj/Fire      16%        6d6       8%          6
e - Irradiate             Conj/Alch      10%        3d15      9%          5
f - Fireball              Conj/Fire      16%        3d8       1%          5

Your spell library contained the following spells:

 Spells                   Type           Power      Damage    Failure   Level
 Arcjolt                  Conj/Air       10%        1d20      9%          5
 Foxfire                  Conj/Fire      100%       2x1d9     1%          1
 Magic Dart               Conj           100%       1d8       1%          1
 Sting                    Conj/Alch      80%        1d8       1%          1
 Inner Flame              Hex/Fire       18%        N/A       1%          3
 Volatile Blastmotes      Fire/Tloc      36%        2d13      1%          3
 Fulminant Prism          Conj/Alch      10%        3d8       3%          4
 Iskenderun's Mystic Bla  Conj/Tloc      20%        2d6       3%          4
 Mercury Vapours          Alch/Air       14%        N/A       4%          2
 Summon Small Mammal      Summ           40%        N/A       6%          1
 Necrotise                Necr           28%        1d5       10%         1
 Summon Blazeheart Golem  Fire/Summ      20%        N/A       12%         4
 Blink                    Tloc           14%        N/A       16%         2
 Ensorcelled Hibernation  Hex/Ice        14%        N/A       16%         2
 Lesser Beckoning         Tloc           14%        N/A       16%         2
 Call Canine Familiar     Summ           10%        N/A       17%         3
 Olgreb's Toxic Radiance  Alch           7%         N/A       22%         4
 Fugue of the Fallen      Necr           7%         N/A       28%         3
 Gell's Gravitas          Tloc           7%         N/A       28%         3
 Teleport Other           Tloc           7%         N/A       28%         3
 Vampiric Draining        Necr           7%         2d6       28%         3
 Bombard                  Conj/Erth      10%        9d2       36%         6
 Plasma Beam              Fire/Air       9%         2x1d19    45%         6
 Lee's Rapid Deconstruct  Erth           3%         3d5*      47%         5
 Martyr's Knell           Necr/Summ      8%         N/A       56%         4
 Anguish                  Hex/Necr       3%         N/A       65%         4
 Cause Fear               Hex            3%         N/A       65%         4
 Leda's Liquefaction      Alch/Erth      3%         N/A       65%         4
 Summon Forest            Summ/Tloc      4%         N/A       87%         5
 Curse of Agony           Necr           7%         N/A       92%         5
 Eringya's Noxious Bog    Alch           3%         4d6       92%         6
 Ignition                 Fire           15%        3d6       95%         8
 Summon Hydra             Summ           5%         N/A       100%        7
 Dragon's Call            Summ           5%         N/A       100%        9


Dungeon Overview and Level Annotations

Branches:
Dungeon (15/15)            Temple (0/1) D:7            Lair (5/5) D:10
  Swamp (1/4) Lair:3        Snake (0/4) Lair:3        Slime (0/5) Lair:4
    Orc (0/2) D:10         Vaults (0/5) D:14         Depths (0/4) D:15

Altars:
Dithmenos
Fedhas
Gozag
Kikubaaqudgha
Makhleb
Nemelex Xobeh
Okawaru
Qazlal
Ru
Uskayaw
Vehumet
Wu Jian
Xom
Jiyva

Shops:
D:2 :   D:7 ?:**[   D:10 (

Annotations:
D:7 3 runed translucent doors, Bobbunny's ghost, novice FoDe
D:8 Amaemon; Maurice
D:15 1 runed translucent door, Ruil's ghost, journeyman MiBe


Innate Abilities, Weirdness & Mutations

You are completely covered in molten scales. (AC +4, rF+)
You may rarely emit foul miasma when damaged in melee.
You sometimes gain power by taking damage.
You have a small tail.


Message History

The vampire mosquito misses you.
You fly upwards.
Welcome back to the Lair of Beasts!
There is a staircase to the Swamp here.
You feel much better.
You block the seven-headed hydra's attack.
The seven-headed hydra bites you!
* * * LOW HITPOINT WARNING * * *
The seven-headed hydra closely misses you.
The seven-headed hydra completely misses you.
The seven-headed hydra bites you!
* * * LOW HITPOINT WARNING * * *
The seven-headed hydra barely misses you.
The seven-headed hydra completely misses you.
You block the vampire mosquito's attack.
The tyrant leech bites you but does no damage.
You block the vampire mosquito's attack.
The seven-headed hydra misses you.
You block the seven-headed hydra's attack.
The seven-headed hydra barely misses you.
You block the seven-headed hydra's attack.
The seven-headed hydra closely misses you.
The seven-headed hydra bites you!
* * * LOW HITPOINT WARNING * * *
The seven-headed hydra barely misses you.
The vampire mosquito bites you but does no damage.
The tyrant leech attacks as it pursues you!
The tyrant leech barely misses you.
Unknown command.
You block the vampire mosquito's attack. x2
The seven-headed hydra attacks as it pursues you!
You block the seven-headed hydra's attack.
The seven-headed hydra closely misses you.
You block the seven-headed hydra's attack.
The seven-headed hydra bites you.
* * * LOW HITPOINT WARNING * * *
The seven-headed hydra bites you but does no damage.
The seven-headed hydra bites you!
* * * LOW HITPOINT WARNING * * *
The seven-headed hydra bites you!
You die...

#...#..#PP.##.####..##.##........
.................................
....###...#.#.#.##..#...####.####
#..####...#####....###.##....♣♣P#
.......................#.P.P..PP~
...P##(##.####P...#..#.#~.♣♣.♣♣P~
...###..#.P.......##..##.P♣...♣..
.....††............w§§§...).>....
......#.P.......@D§§.§.#.P♣...♣.~
..................y.§§§#♣.♣♣.♣♣P~
...P.##.#..........PP###~♣.P..P♣P
.......................##.~P.~~~#
..###.###P.########.########.####
.## ### #### ### #..... ## ######


You could see a seven-headed hydra (strong, poisoned), a tyrant leech and a
vampire mosquito.

Vanquished Creatures
  An ironbound thunderhulk (D:14)
  A dire elephant (Lair:4)
  Snorg (D:13)
  Azrael (D:13)
  Josephine (Lair:4)
  A fire dragon (Lair:5)
  A vault guard (D:14)
  Harold (Lair:3)
  A rakshasa (D:15)
  Erolcha (D:12)
  2 centaur warriors (D:14)
  3 hydras
  A catoblepas (D:13)
  8 death yaks
  4 two-headed ogres
  A death knight (D:15)
  An occultist (D:15)
  4 tengu warriors
  Urug (D:12)
  An arcanist (D:14)
  A spriggan druid (Swamp:1)
  3 lindwurms
  A necromancer (D:15)
  An orc sorcerer (D:15)
  2 wolf spiders (Lair:5)
  A will-o-the-wisp (Swamp:1)
  28 ugly things
  3 cyclopes
  2 manticores
  11 elephants
  A guardian serpent (Lair:5)
  8 black mambas
  2 gargoyles (D:11)
  15 cane toads
  6 torpor snails (Lair:5)
  An orange demon (D:8)
  4 centaur skeletons (D:15)
  8 komodo dragons
  3 kobold demonologists
  3 rime drakes
  2 tengu conjurers
  2 trolls
  A freezing wraith (D:12)
  2 polar bears
  9 blink frogs
  4 tyrant leeches (Lair:5)
  11 hornets
  A blink frog (shapeshifter) (D:15)
  A raiju (shapeshifter) (D:13)
  11 slime creatures
  10 wraiths
  37 yaks
  16 wyverns
  7 basilisks
  2 fire elementals (D:13)
  A hog (Lair:4)
  2 humans (D:14)
  5 steam dragons
  14 vampire mosquitoes
  A naga (Lair:3)
  An acid dragon (shapeshifter) (D:14)
  2 acid dragons
  20 water moccasins
  3 hell hounds (D:13)
  An ice beast (D:6)
  3 orc warriors
  3 sky beasts
  A meliai simulacrum (D:15)
  3 black bears
  An ogre (D:7)
  8 centaurs
  6 wolves
  3 kobold brigands
  11 bullfrogs
  7 scorpions
  5 wights (D:9)
  15 killer bees
  6 electric eels (D:8)
  4 howler monkeys
  3 bombardier beetles
  4 jellies
  11 orc priests
  3 gnoll boudas
  A hound (D:5)
  5 iguanas
  A sleepcap (D:5)
  17 orc wizards
  A boggart skeleton (D:15)
  15 gnolls
  7 adders
  2 shadow imps (D:5)
  A white imp (D:7)
  4 ufetubi
  3 dart slugs
  53 orcs
  8 endoplasms
  4 giant cockroaches
  6 goblins
  7 hobgoblins
  4 jackals
  A quokka (D:3)
  6 ball pythons
  2 bats
  3 frilled lizards (D:2)
  13 kobolds
  3 rats
570 creatures vanquished.

Vanquished Creatures (collateral kills)
  A wyvern (Lair:5)
  2 water moccasins
3 creatures vanquished.

Vanquished Creatures (others)
  Kirke (Lair:4)
  A black mamba (Lair:5)
  A tengu conjurer (D:15)
  2 humans (Lair:4)
  An orc wizard (D:8)
  2 gnolls (D:8)
  An orc (D:8)
  2 foxfires (Swamp:1)
11 creatures vanquished.

Grand Total: 584 creatures vanquished

Notes
Turn   | Place    | Note
-------+----------+-------------------------------------------
     0 | D:1      | RatsInWalls the Demonspawn Monk began the quest for the
                  | Orb.
     0 | D:1      | Reached XP level 1. HP: 18/18 MP: 1/1
   670 | D:1      | Gained mutation: You are partially covered in molten
                  | scales. (AC +2) [demonic ancestry]
   670 | D:1      | Reached XP level 2. HP: 24/24 MP: 2/2
  1271 | D:2      | Reached skill level 1 in Armour
  1278 | D:2      | Reached XP level 3. HP: 29/29 MP: 3/3
  1313 | D:2      | Found Zigg's Book Shop.
  1458 | D:2      | Reached XP level 4. HP: 35/35 MP: 4/4
  1704 | D:3      | Found a shadowy altar of Dithmenos.
  2051 | D:3      | Noticed a scorpion
  2054 | D:4      | Found a shimmering altar of Xom.
  2096 | D:4      | Noticed a yak
  2190 | D:3      | Found a faded altar of an unknown god.
  2223 | D:3      | Prayed at the altar of an unknown god.
  2223 | D:3      | Became a worshipper of Vehumet
  2223 | D:3      | Reached * piety under Vehumet
  2223 | D:3      | Offered knowledge of Freeze by Vehumet.
  2223 | D:3      | Reached ** piety under Vehumet
  2320 | D:3      | Killed a scorpion
  2321 | D:3      | Gained mutation: You sometimes gain a little power by
                  | taking damage. [demonic ancestry]
  2321 | D:3      | Reached XP level 5. HP: 39/42 MP: 5/5
  2416 | D:3      | Found a sacrificial altar of Ru.
  2450 | D:3      | Offered knowledge of Kiss of Death by Vehumet.
  2614 | D:3      | Reached skill level 1 in Stealth
  2678 | D:3      | Reached *** piety under Vehumet
  2678 | D:3      | Offered knowledge of Volatile Blastmotes by Vehumet.
  2683 | D:3      | HP: 2/42 [burnt (4)]
  3027 | D:4      | Identified the +4 dagger "Doeps" {protect, Int+3}
  3068 | D:4      | Reached skill level 1 in Shields
  3068 | D:4      | Reached skill level 1 in Spellcasting
  3068 | D:4      | Gained mutation: You are mostly covered in molten scales.
                  | (AC +3) [demonic ancestry]
  3068 | D:4      | Reached XP level 6. HP: 31/48 MP: 4/7
  3209 | D:4      | Killed a yak
  3210 | D:4      | Reached skill level 4 in Fighting
  3307 | D:4      | Offered knowledge of Dazzling Flash by Vehumet.
  3587 | D:5      | Entered Level 5 of the Dungeon
  3653 | D:5      | Reached XP level 7. HP: 44/54 MP: 7/9
  4385 | D:5      | Found an iron altar of Okawaru.
  4577 | D:5      | Identified the +2 rapier of Springtime {flame, rN+ SInv}
  4633 | D:5      | Found an opulent altar of Gozag.
  4661 | D:5      | Identified the +4 trident "Worm's Wrath" {venom, ^Fragile
                  | rElec Dex+8 Stlth+}
  4690 | D:5      | Gained mutation: You sometimes gain power by taking damage.
                  | [demonic ancestry]
  4690 | D:5      | Reached XP level 8. HP: 44/61 MP: 12/12
  4850 | D:6      | Reached skill level 5 in Fighting
  4890 | D:6      | Reached **** piety under Vehumet
  4955 | D:5      | Offered knowledge of Hailstorm by Vehumet.
  4966 | D:5      | Reached skill level 5 in Long Blades
  4977 | D:5      | Learned a level 3 spell: Hailstorm
  5532 | D:6      | Reached XP level 9. HP: 49/69 MP: 13/15
  5611 | D:6      | Found a radiant altar of Vehumet.
  5868 | D:7      | Reached skill level 6 in Fighting
  6037 | D:7      | Found a staircase to the Ecumenical Temple.
  6103 | D:7      | Found an ancient bone altar of Kikubaaqudgha.
  6146 | D:7      | Reached skill level 5 in Armour
  6192 | D:7      | Found Vuiner's Book Emporium.
  6200 | D:7      | Bought a book of Fire for 352 gold pieces
  6233 | D:7      | Found Efeugi's Armour Emporium.
  6243 | D:7      | Found Kucogga's Assorted Antiques.
  6283 | D:7      | Found an ornate altar of the Wu Jian Council.
  6499 | D:7      | Noticed a manticore
  6524 | D:7      | Killed a manticore
  6804 | D:7      | Found Qonoyd's Magic Scroll Shop.
  6815 | D:7      | Found Vifimac's General Store.
  6831 | D:7      | Bought a scroll of identify for 24 gold pieces
  6835 | D:7      | Found a runed translucent gate.
  6836 | D:7      | Found a runed translucent gate.
  6837 | D:7      | Found a runed translucent gate.
  6837 | D:7      | Noticed Bobbunny's ghost (novice FoDe)
  6838 | D:7      | Noticed a kobold demonologist
  6901 | D:7      | Reached skill level 5 in Dodging
  7291 | D:8      | Noticed an orange demon
  7291 | D:8      | Noticed an eight-headed hydra
  7326 | D:7      | Reached skill level 5 in Spellcasting
  7637 | D:8      | Reached XP level 10. HP: 46/77 MP: 15/17
  7757 | D:8      | Noticed Amaemon
  7767 | D:8      | Reached ***** piety under Vehumet
  7768 | D:8      | Reached skill level 7 in Fighting
  7779 | D:8      | Noticed a two-headed ogre
  7825 | D:8      | Noticed a purple ugly thing
  7829 | D:8      | Offered knowledge of Sticky Flame by Vehumet.
  8079 | D:8      | Killed a two-headed ogre
  8137 | D:8      | HP: 1/79 [electric eel/bolt of electricity (7)]
  8504 | D:8      | Noticed Maurice
  8514 | D:8      | Something stole 54 gold
  8517 | D:8      | Something stole a flux talisman
  8652 | D:8      | Killed an orange demon
  8975 | D:9      | Learned a level 2 spell: Call Imp
  9612 | D:9      | Noticed a two-headed ogre
  9622 | D:9      | Killed a two-headed ogre
  9623 | D:9      | Reached skill level 1 in Summonings
  9671 | D:9      | Found a sparkling altar of Nemelex Xobeh.
 10452 | D:8      | Reached skill level 5 in Stealth
 10489 | D:10     | Entered Level 10 of the Dungeon
 10550 | D:9      | Reached skill level 1 in Conjurations
 10550 | D:9      | Reached XP level 11. HP: 23/84 MP: 6/20
 10903 | D:10     | Found a staircase to the Orcish Mines.
 10951 | D:10     | Upgraded the game from 0.31.0-11-ge490571c62 to
                  | 0.31.0-12-g77e489cdc1
 11011 | D:10     | Found a hide-covered altar of Uskayaw.
 11137 | D:10     | Reached skill level 8 in Fighting
 11207 | D:10     | Upgraded the game from 0.31.0-12-g77e489cdc1 to
                  | 0.31.0-32-g396128a36d
 11241 | D:10     | Found a blossoming altar of Fedhas.
 11319 | D:10     | Noticed a two-headed ogre
 11678 | D:10     | Found Jotaba's Hydra Hut.
 11679 | D:10     | Noticed a five-headed hydra
 11779 | D:10     | Found a staircase to the Lair.
 12173 | D:10     | Found a stormy altar of Qazlal.
 12304 | D:10     | Found a burning altar of Makhleb.
 12558 | Lair:1   | Entered Level 1 of the Lair of Beasts
 12601 | Lair:1   | Noticed a boulder beetle
 12946 | D:10     | Killed a two-headed ogre
 13160 | Lair:1   | Noticed a catoblepas
 14349 | D:10     | Learned a level 4 spell: Sticky Flame
 14962 | D:11     | Reached skill level 1 in Fire Magic
 15246 | D:11     | Reached skill level 9 in Fighting
 15873 | D:12     | Reached XP level 12. HP: 72/95 MP: 18/23
 16284 | D:12     | Noticed Urug
 16289 | D:12     | Killed Urug
 16363 | D:12     | Noticed a two-headed ogre
 16366 | D:12     | Noticed Erolcha
 16534 | D:12     | Killed a two-headed ogre
 16729 | D:12     | Killed Erolcha
 17733 | D:12     | Noticed a boulder beetle
 17791 | Lair:1   | Reached skill level 5 in Conjurations
 18141 | Lair:1   | Offered knowledge of Eringya's Noxious Bog by Vehumet.
 19114 | Lair:2   | Noticed a seven-headed hydra
 19135 | Lair:2   | Noticed Harold
 19225 | Lair:2   | Killed a seven-headed hydra
 19707 | Lair:2   | Identified the +6 rapier "Katzenn" {venom, ^Drain rF+++
                  | rCorr Dex+6}
 19722 | Lair:2   | Reached skill level 10 in Fighting
 20813 | Lair:3   | Gained mutation: You are completely covered in molten
                  | scales. (AC +4, rF+) [demonic ancestry]
 20813 | Lair:3   | Reached XP level 13. HP: 103/103 MP: 25/25
 21066 | Lair:3   | Killed Harold
 21067 | Lair:3   | Reached skill level 5 in Fire Magic
 21369 | Lair:3   | Found a staircase to the Swamp.
 21378 | Lair:3   | Found a staircase to the Snake Pit.
 21613 | Lair:4   | Noticed Kirke
 21655 | Lair:4   | Killed Kirke
 21808 | Lair:4   | Found a staircase to the Slime Pits.
 22037 | Lair:4   | Noticed Josephine
 22098 | Lair:4   | Killed Josephine
 22190 | Lair:4   | Found a viscous altar of Jiyva.
 22422 | Lair:4   | Noticed a dire elephant
 22708 | Lair:4   | Killed a dire elephant
 23010 | Lair:4   | Reached skill level 5 in Shields
 23713 | Lair:5   | Entered Level 5 of the Lair of Beasts
 23849 | Lair:5   | Identified a scroll of acquirement
 24489 | Lair:4   | Offered knowledge of Yara's Violent Unravelling by Vehumet.
 24717 | Lair:5   | Reached skill level 11 in Fighting
 25002 | Lair:4   | Learned a level 6 spell: Starburst
 25413 | Lair:5   | Acquired a book of Spontaneous Combustion
 25430 | Lair:5   | Gained mutation: You have a small tail. [demonic ancestry]
 25430 | Lair:5   | Reached XP level 14. HP: 48/113 MP: 5/27
 25879 | Lair:5   | Learned a level 5 spell: Irradiate
 25987 | Lair:5   | Reached skill level 10 in Dodging
 26322 | Lair:5   | Reached skill level 10 in Spellcasting
 28082 | Lair:5   | Identified the staff "Mumu" {rC+ SInv Earth}
 28598 | D:13     | Noticed Snorg
 28598 | D:13     | Noticed Azrael
 28619 | D:13     | Killed Snorg
 29265 | D:13     | Killed Azrael
 29513 | D:13     | Reached skill level 12 in Fighting
 30089 | D:14     | Learned a level 5 spell: Fireball
 30447 | D:14     | Noticed an ironbound thunderhulk
 30789 | D:14     | Gained mutation: You may rarely emit foul miasma when
                  | damaged in melee. [demonic ancestry]
 30789 | D:14     | Reached XP level 15. HP: 121/121 MP: 29/29
 30840 | D:14     | HP: 3/121 [ironbound thunderhulk/bolt of lightning (54)]
 30841 | D:14     | HP: 1/121 [slime creature (2)]
 31324 | D:14     | Found a gate to the Vaults.
 31354 | D:15     | Entered Level 15 of the Dungeon
 31380 | D:15     | Offered knowledge of Arcjolt by Vehumet.
 31895 | D:15     | Found a runed translucent door.
 31897 | D:15     | Noticed Ruil's ghost (journeyman MiBe)
 31898 | D:15     | Noticed a fire giant
 32238 | D:15     | Reached skill level 10 in Conjurations
 32795 | D:15     | Found a staircase to the Depths.
 33170 | Swamp:1  | Entered Level 1 of the Swamp
 33313 | Lair:3   | HP: 6/122 [seven-headed hydra (14)]
 33317 | Lair:3   | HP: 1/122 [seven-headed hydra (6)]
 33317 | Lair:3   | Mangled by a seven-headed hydra

Illustrated notes

Levels and vault maps discovered:
D:1:      eino_arrival_druids_welcome, layout_basic
D:2:      layout_rooms, serial_shops, nicolae_shop_rolling_square, minivault_26
D:3:      layout_basic, nicolae_ru_sacrificial_ziggurat, grunt_dithmenos_smoke,
          serial_glass, glass_columns_c, glass_columns_a, glass_columns_a,
          glass_columns_b, glass_columns_c, glass_columns_a, glass_columns_a,
          glass_columns_a, minmay_strange_pillars, feat_on_display,
          dreamdust_ecumenical_altar_grove
D:4:      layout_rooms, mainiacjoe_overflow_tiny_flanked, minmay_pentomino_pile
D:5:      layout_basic, hellmonk_okawaru_the_only_friend_you_need,
          mainiacjoe_overflow_brackets, minmay_misc_feat_x
D:6:      cheibrodos_steamvent, layout_basic, amcnicky_altar_gilded,
          hangedman_decor_growths
D:7:      layout_loops_cross, nzn_wu_jian_contemplation,
          mainiacjoe_overflow_surrounded_room, mainiacjoe_overflow_alcove_2,
          lemuel_temple_firewalk_b, gammafunk_ghost_nasty_kobolds, serial_shops,
          nicolae_square_shop, shop, shop, shop, shop, grunt_decor_fettered
D:8:      minmay_cut_squares, layout_cave_pools, serial_bayou,
          serial_bayou_pond_e, serial_bayou_lake_a, serial_bayou_pond_e,
          serial_bayou_pond_d, serial_bayou_pond_b, uniq_maurice, uniq_amaemon
D:9:      layout_layer_cave, lemuel_round_altar
D:10:     layout_basic, nicolae_overflow_hidden_temple, fedhas_altar_fruit_tree,
          mainiacjoe_overflow_paths, mainiacjoe_overflow_cross_hatched,
          david_lair_generic, hiddenorc2_lemuel, doesnt_shop_hydraphobe
D:11:     layout_rooms
D:12:     layout_stronghold, uniq_erolcha, uniq_urug
D:13:     layout_loops_corners, uniq_snorg, uniq_azrael
D:14:     layout_cave_pools, hellmonk_vaults_keyhole,
          chequers_serial_rivers_marsh
D:15:     grunt_enter_depths_magical_seal, layout_basic,
          ebering_ghost_inner_flame
Lair:1:   layout_chaotic_city, chequers_serial_rivers_micro_c,
          grunt_megastairs_1
Lair:2:   layout_concentric_octagons, st_stairs_3, minmay_holes,
          nicolae_lair_lindhole, uniq_harold
Lair:3:   layout_long_grid, swamp_mist, guppyfry_snake_entry_garden,
          minmay_stone_trees_small
Lair:4:   layout_layer_cave, slime_entry_1, nicolae_lair_grazing_beasts
          [nicolae_sub_lair_graze_edge, nicolae_sub_lair_graze_edge,
          nicolae_sub_lair_graze_edge, nicolae_sub_lair_graze_edge],
          infiniplex_staircase_pool_2, uniq_kirke, uniq_josephine
Lair:5:   wormcave, layout_small_grid, hangedman_lair_tendril_chambers,
          serial_bayou_lagoon_a, nicolae_lair_grove_arrangements
Swamp:1:  layout_basic_swamp, hangedman_swamp_cone, swamp_pool_4, uniq_nikola

Skill      XL: |  1  2  3  4  5  6  7  8  9 10 11 12 13 14 15 |
---------------+----------------------------------------------+-----
Long Blades    | 3 4 5 6 7 8 |  8.4
Armour         | 1 2 3 4 5 6 |  6.0
Dodging        | 3 4 5 6 7 8 9 10 | 10.1
Stealth        | 1 2 3 5 |  5.3
Shields        | 1 2 3 4 5 6 |  6.9
Spellcasting   | 1 2 4 5 6 7 8 9 10 11 | 11.3
Fighting       | 4 5 6 7 9 10 11 12 | 12.8
Summonings     | 1 |  1.2
Conjurations   | 1 4 6 8 9 10 | 10.2
Fire Magic     | 2 4 6 8 |  8.7
Throwing       | |  0.2

Action                     |  1- 3 |  4- 6 |  7- 9 | 10-12 | 13-15 || total
---------------------------+-------+-------+-------+-------+-------++-------
  Melee: Falchion          |    93 |   247 |    80 |       |       ||   420
         Punch             |       |     2 |       |       |       ||     2
         Dagger            |       |       |    78 |       |       ||    78
         Rapier            |       |       |   358 |  1253 |   868 ||  2479
         Unarmed           |       |       |       |    14 |     2 ||    16
         Tailslap          |       |       |       |       |   155 ||   155
  Throw: Dart              |     8 |     5 |     3 |    12 |    11 ||    39
   Cast: Hailstorm         |       |       |       |    49 |     7 ||    56
         Call Imp          |       |       |       |    28 |    11 ||    39
         Sticky Flame      |       |       |       |    38 |   113 ||   151
         Starburst         |       |       |       |       |    45 ||    45
         Irradiate         |       |       |       |       |     6 ||     6
         Fireball          |       |       |       |       |     6 ||     6
  Evoke: Wand              |       |       |       |    12 |       ||    12
    Use: Potion            |       |     3 |     2 |     9 |    14 ||    28
         Scroll            |       |     4 |     6 |    15 |    14 ||    39
   Stab: Sleeping          |       |       |     3 |     7 |     4 ||    14
         Distracted        |       |       |       |     4 |     6 ||    10
 Armour: Ring mail         |    52 |    72 |   152 |       |       ||   276
         Scale mail        |       |   108 |    44 |       |       ||   152
         Steam dragon scal |       |       |   178 |   895 |   748 ||  1821
         Skin              |       |       |       |    16 |     2 ||    18
  Dodge: Dodged            |    57 |   142 |   333 |   980 |   880 ||  2392
  Block: Buckler           |       |    30 |   162 |   477 |   291 ||   960
         Kite shield       |       |       |       |       |   313 ||   313
